 Dungeon Crawl Stone Soup version 0.29-a0-266-gf56f883ddd (webtiles) character file.

Game seed: 10488054988619790849

772 frimble the Skirmisher (level 8, -12/60 HPs)
             Began as a Djinni Cinder Acolyte on Mar 7, 2022.
             Was a High Priest of Ignis.
             Mangled by an ogre
             ... wielding a +0 giant club
              (33 damage)
             ... on level 5 of the Dungeon.
             The game lasted 00:06:33 (3341 turns).

frimble the Skirmisher (Djinni Cinder Acolyte)      Turns: 3341, Time: 00:06:34

Health: -12/60     AC:  3    Str: 13    XL:     8   Next: 9%
Gold:   138        EV: 11    Int: 18    God:    Ignis [*****.] SH:  0 Dex:  9

rFire   + + +      SeeInvis .   l - +2 short sword (protect)
rCold   x . .      Faith    .   (no shield)
rNeg    . . .      Spirit   .   a - +0 robe
rPois   ∞          Reflect  .   (no helmet)
rElec   .          Harm     .   c - +0 cloak
rCorr   .          Rampage  .   (no gloves)
Will    .....                   (boots unavailable)
Stlth   +.........              b - amulet of regeneration
HPRegen 1.00/turn               (no ring)
MPRegen 0.00/turn               (no ring)

@: flying
A: sickness immunity, fire resistance 2, cold vulnerability 1, float, innate
caster, HP casting, extra vitality 1
a: Renounce Religion, Fiery Armour, Foxfire Swarm, Rising Flame


You were on level 5 of the Dungeon.
You worshipped Ignis.
Ignis was extremely pleased with you.
You visited 1 branch of the dungeon, and saw 6 of its levels.

You collected 138 gold pieces.

Inventory:

Hand Weapons
 d - a +1 short sword of holy wrath
 l - a +2 short sword of protection (weapon)
Armour
 a - a +0 robe (worn)
 c - a +0 cloak (worn)
Jewellery
 b - an amulet of regeneration (around neck)
 o - a ring of fire
Wands
 j - a wand of acid (7)
 k - a wand of flame (11)
Scrolls
 g - 3 scrolls of blinking
 i - 2 scrolls of immolation
 r - 2 scrolls of identify
Potions
 e - a potion of brilliance {unknown}
 f - 2 potions of heal wounds {unknown}
 h - a potion of might {unknown}
 m - a potion of lignification {unknown}
 n - a potion of ambrosia {unknown}
 p - a potion of flight {unknown}
 q - a potion of berserk rage {unknown}


   Skills:
 - Level 5.5 Fighting
 + Level 2.5 Short Blades
 + Level 0.2 Dodging
 - Level 4.2 Unarmed Combat
 + Level 4.8 Spellcasting


You had 8 spell levels left.
You knew the following spells:

 Your Spells              Type           Power      Damage    Failure   Level
a - Magic Dart            Conj           84%        1d7       1%          1
b - Scorch                Fire           42%        2d7       2%          2
c - Wereblood             Tmut           21%        N/A       2%          2
d - Portal Projectile     Hex/Tloc       42%        N/A       5%          3
Your spell library was empty.

Dungeon Overview and Level Annotations

Branches:
Dungeon (6/15)
 Temple: D:4-7

Altars:

Shops:
D:4 *

Annotations:
D:2 Sigmund


Innate Abilities, Weirdness & Mutations

You are immune to sickness and miasma.
You are immune to poison.
Your flesh is very heat resistant. (rF++)
You are vulnerable to cold. (rC-)
You float through the air rather than walking.
You learn spells naturally, not from books.
Your magical power is your life essence.
You have superior vitality. (+4 MHP)


Message History

An ogre is nearby!
An ogre is nearby!
Aiming: Magic Dart (safe; 1% risk of failure)
Press: ? - help, Q - select action, (/) - cycle Shift-Dir - straight line, f - ogre
Aim: an ogre, wielding a +0 giant club (100% to hit)
The magic dart hits the ogre!
The ogre is moderately wounded.
Aiming: Magic Dart (safe; 1% risk of failure)
Press: ? - help, Q - select action, (/) - cycle Shift-Dir - straight line, f/p - ogre
Aim: an ogre, wielding a +0 giant club (moderately wounded, 100% to hit)
The magic dart hits the ogre.
The ogre is heavily wounded.
Aiming: Magic Dart (safe; 1% risk of failure)
Press: ? - help, Q - select action, (/) - cycle Shift-Dir - straight line, f/p - ogre
Aim: an ogre, wielding a +0 giant club (heavily wounded, 100% to hit)
The magic dart hits the ogre.
The ogre is heavily wounded.
Aiming: Magic Dart (safe; 1% risk of failure)
Press: ? - help, Q - select action, (/) - cycle Shift-Dir - straight line, f/p - ogre
Aim: an ogre, wielding a +0 giant club (heavily wounded, 100% to hit)
The magic dart hits the ogre.
The ogre is severely wounded.
Aiming: Magic Dart (safe; 1% risk of failure)
Press: ? - help, Q - select action, (/) - cycle Shift-Dir - straight line, f/p - ogre
Aim: an ogre, wielding a +0 giant club (severely wounded, 100% to hit)
The magic dart hits the ogre.
The ogre is severely wounded.
You barely miss the ogre.
The ogre is severely wounded.
The ogre hits you with a +0 giant club!!
You barely miss the ogre.
The ogre is severely wounded.
You hit the ogre.
Your weapon exudes an aura of protection.
The ogre is almost dead.
The ogre hits you with a +0 giant club!!
The ogre attacks as you move away!
The ogre hits you with a +0 giant club!!
Ouch! That really hurt!
You die...

..........#........#
..........#........#
..........#........#
.#........###########
.#..........#####.#.#
..........##....#.####
....<................#
.....................#
##########....@......#
#...O.......#
###'####'#### #.# #.#
#.# #.# #.# #.# #.#
#.# #.# #.# #.# #.#


You could see an ogre.

Vanquished Creatures
  An ice beast (D:3)
  A black bear (D:4)
  A centaur (D:4)
  A phantom (D:4)
  A scorpion (D:4)
  A necrophage (D:5)
  A jelly (D:5)
  An orc priest (D:4)
  An iguana (D:5)
  An orc wizard (D:6)
  4 gnolls (D:3)
  7 adders
  2 dart slugs
  13 orcs
  6 endoplasms
  2 giant cockroaches
  7 goblins
  7 hobgoblins
  12 jackals
  6 kobolds
  4 quokkas
  10 ball pythons
  5 bats
  2 frilled lizards
  2 rats
99 creatures vanquished.

Notes
Turn   | Place    | Note
-------+----------+-------------------------------------------
     0 | D:1      | frimble the Djinni Cinder Acolyte began the quest for the
                  | Orb.
     0 | D:1      | Reached XP level 1. HP: 20/20 MP: 0/0
   131 | D:1      | Reached XP level 2. HP: 25/25 MP: 0/0
   317 | D:1      | Reached XP level 3. HP: 26/30 MP: 0/0
   317 | D:1      | Learned a level 1 spell: Magic Dart
   758 | D:2      | Reached XP level 4. HP: 35/35 MP: 0/0
   832 | D:2      | Found a faded altar of an unknown god.
   880 | D:2      | Noticed Sigmund
  1284 | D:3      | Noticed an ice beast
  1294 | D:3      | Killed an ice beast
  1295 | D:3      | Reached skill level 4 in Fighting
  1295 | D:3      | Reached XP level 5. HP: 39/41 MP: 0/0
  1295 | D:3      | Learned a level 2 spell: Wereblood
  1707 | D:3      | Reached XP level 6. HP: 30/47 MP: 0/0
  1907 | D:4      | Noticed a black bear
  2170 | D:4      | Reached skill level 5 in Fighting
  2170 | D:4      | Reached XP level 7. HP: 47/54 MP: 0/0
  2170 | D:4      | Learned a level 3 spell: Portal Projectile
  2496 | D:4      | Found Suirr's Assorted Antiques.
  2740 | D:4      | Reached skill level 1 in Short Blades
  2891 | D:5      | Entered Level 5 of the Dungeon
  2990 | D:5      | You are sucked into a shaft and drop 1 floor!
  3231 | D:5      | Reached XP level 8. HP: 59/60 MP: 0/0
  3341 | D:5      | Mangled by an ogre

Illustrated notes

Levels and vault maps discovered:
D:1:      heliophobic_arrival_henge, layout_basic
D:2:      layout_rooms, basic_ecumenical_altar, uniq_sigmund
D:3:      layout_basic, minivault_26
D:4:      layout_basic, serial_shops, nicolae_shop_crystal
D:5:      layout_basic, grunt_temple_overflow_order_and_chaos_1,
          kennysheep_generic_room_4
D:6:      layout_layer_cave, pdpol_wu_jian_five_deadly_venoms,
          lemuel_old_faithful

Skill      XL: |  1  2  3  4  5  6  7 |
---------------+----------------------+-----
Fighting       | 4 5 |  5.5
Unarmed Combat | 4 |  4.2
Spellcasting   | 3 4 |  4.8
Short Blades   | 2 |  2.5
Dodging        | |  0.2

Action                   |  1- 3 |  4- 6 |  7- 9 || total
-------------------------+-------+-------+-------++-------
Melee: Unarmed           |    62 |    30 |       ||    92
       Punch             |     1 |       |     7 ||     8
       Short sword       |       |    33 |   158 ||   191
 Cast: Scorch            |     9 |    18 |    20 ||    47
       Magic Dart        |    21 |    34 |     5 ||    60
  Use: Scroll            |       |     4 |       ||     4
Armor: Robe              |    16 |    40 |    57 ||   113
Dodge: Dodged            |    59 |    66 |    93 ||   218

Table legend: (Time is in decaauts)
 A = Elapsed time spent in this place.
 B = Non-inter-level travel time spent in this place.
 C = Inter-level travel time spent in this place.
 D = Time resting spent in this place.
 E = Time spent auto-exploring this place.
 F = Levels seen in this place.
 G = Mean time per level.
                   A        B        C        D        E       F      G
               +--------+--------+--------+--------+--------+-----+--------+
         Total |   3344 |   3097 |    247 |      0 |   2238 |   6 |  557.3 |
       Dungeon |   3344 |   3097 |    247 |      0 |   2238 |   6 |  557.3 |
               +--------+--------+--------+--------+--------+-----+--------+

Top non-repeatable levels by time:
     D:3: 1082 daAuts
     D:4: 860 daAuts
     D:1: 722 daAuts
     D:5: 345 daAuts
     D:2: 228 daAuts
     D:6: 104 daAuts
